cohdb
Replays
Latest Replays
All Replays
Popular Replays
Top Player Replays
Match Explorer
How It Works
Community
CoH3 Stats
Reddit
Sign in to upload your games and track your stats! →
Sign in with Steam
Match 41973267
Unlisted
Match 41973267
Overview
Messages
Build Orders
End
Construct Section Command Post
Vickers Machine Gun Team
Selects Indian Artillery Battlegroup
Dingo Light Scout Car
Infantry Section
ML 3-inch Mortar Team
Construct Field Infirmary
Infantry Section
Selects Artillery Saturation
Construct Platoon Command Post
6-pounder Anti-tank Gun Team
Selects Off-map Airburst Barrage
Grenade Package
Construct Company Command Post
Selects BL5.5 Artillery Emplacement
6-pounder Anti-tank Gun Team
Selects War Cry
Selects Gurkha Rifles Section
Gurkha Rifles Section
homig
Alvarez
kerem
sunsetistaken
MrNeverSurrender
Enigma
Instructor
The General
0
0
Comments
sign in to comment!
No comments posted yet!